Map: Abyssal Reef LE

Players

niceq

  • Race: Terran Terran
  • Spawn Location: 11:00

Malcolm - Winner!

  • Race: Zerg Zerg
  • Spawn Location: 5:00

Event: IEM XI Katowice - World Championship 2017

VOD

Have the link to the VOD?

Description

Time

  • Played on: Feb. 28, 2017, 4:37 a.m.
  • Length: 7:55

All games in this series

Show
View Real Time Build Order
Export as new Build Order

niceq Terran 

Build Orders: Cyclone Opening, Reaper Expand 

Get SALT Encoding   

  12  0:00  SCV  
  13  0:12  SCV  
  14  0:17  Supply Depot  
  14  0:25  SCV  
  14  0:27  Refinery  
  15  0:38  SCV  
  16  0:44  Barracks  
  16  0:50  SCV  
  17  1:03  SCV  
  18  1:15  SCV  
  19  1:32  Reaper  
  21  1:33  Orbital Command  
  20  1:45  Command Center  
  20  1:59  SCV  
  20  2:00  Factory  
  21  2:06  Barracks Reactor  
  21  2:13  SCV  
  21  2:15  Refinery  
  21  2:25  SCV  
  21  2:26  Supply Depot  
  22  2:37  Bunker, SCV  
  23  2:47  Marine x2  
  23  2:49  SCV  
  26  2:55  Cyclone  
  29  3:05  Marine x2  
  31  3:20  SCV  
  31  3:23  Marine  
  32  3:28  Cyclone  
  36  3:34  SCV  
  36  3:40  Orbital Command  
  36  3:46  SCV  
  37  3:51  Marine x2  
  39  3:58  SCV  
  33  4:10  Marine  
  33  4:13  SCV  
  30  4:18  Marine  
  30  4:19  Bunker  
  30  4:20  SCV  
  32  4:25  SCV  
  33  4:33  Starport  
  33  4:35  SCV  
  33  4:36  Factory Reactor  
  33  4:37  Marine  
  35  4:40  SCV  
  35  4:45  Marine  
  36  4:47  SCV  
  39  4:52  SCV  
  39  4:55  Marine  
  40  5:01  Supply Depot, SCV  
  40  5:03  Marine  
  40  5:06  SCV  
  43  5:13  SCV  
  44  5:17  Marine  
  44  5:18  SCV  
  46  5:25  SCV  
  46  5:26  Supply Depot  
  47  5:30  SCV  
  47  5:33  Medivac  
  50  5:37  SCV  
  50  5:40  Barracks  
  50  5:42  SCV  
  52  5:43  Marine  
  52  5:45  Factory Tech Lab  
  52  5:46  Barracks  
  54  5:50  SCV  
  54  5:54  SCV  
  54  6:03  SCV  
  54  6:04  Supply Depot  
  55  6:05  Supply Depot  
  55  6:13  Medivac  
  55  6:16  Siege Tank  
  60  6:20  SCV  
  60  6:22  SCV, Command Center  
  62  6:31  Refinery  
  62  6:32  Engineering Bay  
  62  6:35  Engineering Bay  
  62  6:36  Marine x2  
  65  6:45  SCV  
  65  6:46  SCV  
  67  6:48  Starport Reactor  
  67  6:50  Barracks Tech Lab  
  67  6:54  Marine x2  
  66  6:59  SCV  
  58  7:12  Marine  
  58  7:14  Marine x2  
  58  7:15  Siege Tank  
  47  7:20  SCV  
  48  7:33  Marine  
  48  7:34  SCV x2  
Show
View Real Time Build Order
Export as new Build Order

Malcolm Zerg - Winner!

Build Orders: Pool First 

Get SALT Encoding   

  12  0:00  Drone  
  13  0:13  Overlord  
  13  0:17  Drone  
  14  0:31  Drone x2  
  14  0:34  Drone  
  17  0:45  Extractor  
  17  0:48  Drone  
  17  0:50  Spawning Pool  
  17  0:56  Drone  
  17  1:07  Drone  
  18  1:20  Hatchery  
  18  1:23  Drone  
  18  1:28  Drone  
  19  1:38  Queen  
  21  1:41  Zergling x2  
  22  1:48  Metabolic Boost  
  22  1:54  Overlord  
  22  2:08  Roach Warren  
  22  2:12  Drone  
  22  2:23  Overlord  
  22  2:49  Roach x6  
  22  2:50  Roach  
  36  2:55  Zergling x2  
  37  3:04  Overlord  
  36  3:16  Zergling x8  
  40  3:25  Zergling x2  
  41  3:28  Ravager  
  41  3:30  Zergling x8  
  46  3:38  Overlord  
  46  3:49  Overlord  
  39  4:03  Zergling x2  
  39  4:04  Zergling x10  
  27  4:18  Queen  
  27  4:20  Drone x2  
  31  4:24  Drone  
  32  4:34  Drone x3  
  35  4:44  Drone x2  
  36  4:51  Overlord, Extractor  
  35  4:53  Drone  
  35  4:54  Drone  
  35  4:56  Drone  
  35  4:58  Drone  
  35  4:59  Drone  
  40  5:05  Drone  
  41  5:19  Roach x4  
  49  5:26  Roach  
  49  5:27  Roach x2  
  54  5:33  Overlord  
  54  5:37  Roach x2  
  58  5:46  Roach  
  58  5:47  Roach x2  
  64  5:59  Roach  
  64  6:00  Roach x3  
  64  6:04  Overlord  
  72  6:05  Overlord  
  72  6:09  Ravager  
  72  6:10  Ravager  
  74  6:12  Ravager  
  75  6:20  Overlord  
  75  6:23  Zergling x4  
  75  6:24  Zergling x6  
  80  6:28  Ravager  
  80  6:30  Zergling x2  
  80  6:31  Zergling x6  
  85  6:37  Overlord  
  85  6:40  Ravager  
  85  6:45  Zergling x6  
  83  7:03  Zergling x2  
  83  7:04  Zergling x6  
  76  7:09  Roach  
  76  7:10  Roach x4  
  82  7:19  Zergling x6  
  80  7:28  Zergling x4  
  79  7:38  Zergling x2  

Tags
 
Add a new tag
Caveats
  • Supply blocks, unpowered buildings, or Contaminate may cause inaccurate times.
  • Supply counts are checked every 10 seconds.